 Dungeon Crawl Stone Soup version 0.26-a0-1181-gd376ed14c5 (webtiles) character file.

Game seed: 16526044756907784832

708896 sokol815 the Pyromancer (level 27, -2/239 HPs)
             Began as an Octopode Hedge Wizard on Dec 25, 2020.
             Was an Initiate of Gozag.
             Slain by a tentacled monstrosity (8 damage)
             ... on level 3 of the Realm of Zot on Dec 26, 2020.
             The game lasted 05:17:20 (91787 turns).

sokol815 the Pyromancer (Octopode Hedge Wizard)    Turns: 91787, Time: 05:17:21

Health: -2/239     AC: 35    Str: 15    XL:     27
Magic:  48/48      EV: 29    Int: 47    God:    Gozag
Gold:   12111      SH: 19    Dex: 21    Spells: 7/50 levels left

rFire    + + +     SeeInvis +   a - +9 scimitar (flame)
rCold    + + .     Faith    .   M - +5 kite shield {reflect}
rNeg     + + +     Spirit   .   H - +2 hat
rPois    ∞         Reflect  +   z - amulet "Hupyrugg" {rN+ Regen+ Int+4 SInv}
rElec    +         Harm     .   o - ring "Juddef" {Fire rElec Str+3}
rCorr    .         Rampage  .   K - ring "Aplod" {+Inv EV+4 Str+4 Int+3}
Will     +++..                  J - ring "Boapp" {rF+ Dex+8}
Stlth    +++++.....             V - ring "Putikhle" {Wiz rC+ Int+4}
HPRegen  0.89/turn              G - ring "Kempum" {MP+9 Int+4}
MPRegen  0.31/turn              U - ring of Emoic {*Drain rC+ Int+5}
                                D - ring "Gejiukkaz" {rPois rF++ rC+ rN+ Stlth-}
                                t - ring of willpower

@: brilliant, statue-form, gold aura, hasted and slowed, constricted, very slow
A: almost no armour, stealthy swim, amphibious, 8 rings, constrict 8, camouflage
1, mutation resistance 1, weak 1
}: 3/15 runes: barnacled, silver, gossamer
a: End Transformation, Renounce Religion, Evoke Invisibility, Potion Petition,
Call Merchant, Bribe Branch


You were on level 3 of the Realm of Zot.
You worshipped Gozag.
Gozag was extremely pleased with you.
You were a stone statue.
You visited 10 branches of the dungeon, and saw 51 of its levels.
You visited the Abyss 1 time.
You visited 1 bazaar.
You also visited: Trove, Gauntlet, Ice Cave and Desolation.

You collected 33382 gold pieces.
You spent 15460 gold pieces at shops.
You paid 5811 gold pieces to Gozag.

Inventory:

Hand Weapons
 a - a +9 scimitar of flaming (weapon)
   (You took it off Erica on level 2 of the Lair of Beasts)
 b - the +10 short sword of Pamn {elec, MP+9 Str+3}
   (You bought it in a shop on level 2 of the Orcish Mines)

   Occasionally, upon striking a foe, it can discharge electrical energy and
   cause terrible harm.
   It affects your strength (+3).
   It affects your magic capacity (+9).
 r - the +8 whip "Snakebite" {curare, rPois}
   (You found it on level 1 of the Lair of Beasts)

   It poisons the flesh of those it strikes.
   It protects you from poison.
Missiles
 x - 55 silver javelins {=f}
 B - 6 curare-tipped darts
 Z - 22 throwing nets {=f, !d}
Armour
 H - a +2 hat (worn)
 M - a +5 kite shield of reflection (worn)
   (You took it off Donald on level 3 of the Shoals)
Magical Staves
 c - an uncursed staff of cold {rC+}
   (You found it on level 4 of the Shoals)
Jewellery
 o - the ring "Juddef" (left tentacle) {Fire rElec Str+3}
   (You found it on level 4 of the Shoals)

   [ring of fire]

   It enhances your fire magic.
   It affects your strength (+3).
   It protects you from fire.
   It makes you vulnerable to cold.
   It insulates you from electricity.
 t - a ring of willpower (on tentacle)
   (You bought it in a shop on level 15 of the Dungeon)
 z - the amulet "Hupyrugg" (around mantle) {rN+ Regen+ Int+4 SInv}
   (You bought it in a shop on level 15 of the Dungeon)

   [amulet of regeneration]

   It affects your intelligence (+4).
   It protects you from negative energy.
   It lets you see invisible.
   It increases your rate of regeneration.
 A - an uncursed amulet of magic regeneration
   (You found it on level 4 of the Lair of Beasts)
 D - the ring "Gejiukkaz" (on tentacle) {rPois rF++ rC+ rN+ Stlth-}
   (You found it on level 3 of the Crypt)

   [ring of positive energy]

   It greatly protects you from fire.
   It protects you from cold.
   It protects you from poison.
   It protects you from negative energy.
   It makes you less stealthy.
 G - the ring "Kempum" (on tentacle) {MP+9 Int+4}
   (You bought it in a shop on level 15 of the Dungeon)

   [ring of magical power]

   It affects your intelligence (+4).
   It affects your magic capacity (+9).
 J - the ring "Boapp" (on tentacle) {rF+ Dex+8}
   (You bought it in a shop on level 5 of the Lair of Beasts)

   [ring of protection from fire]

   It affects your dexterity (+8).
   It protects you from fire.
 K - the ring "Aplod" (right tentacle) {+Inv EV+4 Str+4 Int+3}
   (You took it off a yaktaur captain on level 5 of the Vaults)

   [ring of evasion]

   It affects your evasion (+4).
   It affects your strength (+4).
   It affects your intelligence (+3).
   It lets you turn invisible.
 Q - an uncursed ring of resist corrosion
   (You found it in the Desolation of Salt)
 U - the ring of Emoic (on tentacle) {*Drain rC+ Int+5}
   (You bought it in a shop on level 5 of the Lair of Beasts)

   [ring of protection from cold]

   It affects your intelligence (+5).
   It protects you from cold.
   It causes draining when unequipped.
 V - the ring "Putikhle" (on tentacle) {Wiz rC+ Int+4}
   (You bought it in a shop on level 2 of the Orcish Mines)

   [ring of wizardry]

   It improves your spell success rate.
   It affects your intelligence (+4).
   It protects you from cold.
Wands
 F - a wand of flame (143)
   (You found it on level 5 of the Dungeon)
 O - a wand of digging (12)
   (You found it on level 9 of the Dungeon)
 P - a wand of disintegration (51)
   (You found it on level 1 of the Spider Nest)
 R - a wand of acid (26)
   (You found it on level 5 of the Lair of Beasts)
 T - a wand of iceblast (57)
   (You found it on level 4 of the Shoals)
 X - a wand of enslavement (24)
   (You took it off Sonja on level 11 of the Dungeon)
Scrolls
 d - 11 scrolls of immolation {!r}
 e - a scroll of summoning
 f - 22 scrolls of remove curse
 g - 7 scrolls of holy word {!r}
 k - 7 scrolls of magic mapping {!r}
 m - 28 scrolls of identify
 q - 8 scrolls of blinking {!r}
 u - 5 scrolls of fog
 v - 21 scrolls of teleportation
 y - 3 scrolls of brand weapon
 C - 9 scrolls of amnesia
 L - 4 scrolls of silence
Potions
 h - 12 potions of haste
 i - 3 potions of resistance
 j - 4 potions of might
 l - 24 potions of heal wounds
 n - 31 potions of curing
 p - 5 potions of brilliance
 s - 10 potions of mutation {!q}
 w - 4 potions of magic
 I - 14 potions of flight
 S - 7 potions of invisibility
 W - 3 potions of cancellation
Miscellaneous
 E - a phial of floods
   (You found it in the Desolation of Salt)
 N - a phial of floods
   (You found it on level 3 of the Crypt)
 Y - a condenser vane
   (You bought it in a shop on level 1 of the Shoals)


   Skills:
 + Level 14.5 Fighting
 - Level 8.1(12.0) Short Blades
 - Level 13.7(14.5) Long Blades
 - Level 8.0 Maces & Flails
 + Level 17.2 Dodging
 - Level 12.0 Stealth
 - Level 15.0 Shields
 - Level 12.0 Spellcasting
 - Level 13.5 Conjurations
 - Level 1.0 Summonings
 - Level 1.0 Translocations
 - Level 12.0 Transmutations
 - Level 23.0 Fire Magic
 - Level 17.1 Ice Magic
 - Level 5.0 Air Magic
 * Level 21.8 Earth Magic
 - Level 7.5 Poison Magic


You had 7 spell levels left.
You knew the following spells:

 Your Spells              Type           Power        Failure   Level
a - Magic Dart            Conj           100%         0%          1
b - Ozocubu's Refrigerat  Ice            68%          1%          6
c - Ignition              Fire           89%          1%          8
d - Fulminant Prism       Conj/Hex       47%          1%          4
e - Statue Form           Tmut/Erth      90%          1%          6
f - Irradiate             Conj/Tmut      61%          1%          5
g - Apportation           Tloc           100%         1%          1
h - Shatter               Erth           75%          4%          9
x - Mephitic Cloud        Conj/Pois/Air  100%         1%          3

Your spell library contained the following spells:

 Spells                   Type           Power        Failure   Level
 Beastly Appendage        Tmut           100%         0%          1
 Foxfire                  Conj/Fire      100%         0%          1
 Freeze                   Ice            100%         0%          1
 Sandblast                Erth           100%         0%          1
 Passwall                 Tmut/Erth      100%         0%          2
 Searing Ray              Conj           100%         0%          2
 Wereblood                Tmut           100%         0%          2
 Conjure Flame            Conj/Fire      100%         0%          3
 Frozen Ramparts          Ice            100%         0%          3
 Ignite Poison            Fire/Tmut/Pois 100%         0%          3
 Inner Flame              Hex/Fire       100%         0%          3
 Ozocubu's Armour         Ice            100%         0%          3
 Stone Arrow              Conj/Erth      100%         0%          3
 Hailstorm                Conj/Ice       100%         0%          4
 Ice Form                 Ice/Tmut       100%         0%          4
 Petrify                  Tmut/Erth      100%         0%          4
 Bolt of Magma            Conj/Fire/Erth 84%          0%          5
 Fireball                 Conj/Fire      83%          0%          5
 Lee's Rapid Deconstruct  Erth           75%          0%          5
 Animate Skeleton         Necr           84%          1%          1
 Corona                   Hex            46%          1%          1
 Pain                     Necr           100%         1%          1
 Summon Small Mammal      Summ           100%         1%          1
 Blink                    Tloc           N/A          1%          2
 Call Imp                 Summ           54%          1%          2
 Corpse Rot               Necr/Air       N/A          1%          2
 Ensorcelled Hibernation  Hex/Ice        100%         1%          2
 Poisonous Vapours        Pois/Air       100%         1%          2
 Slow                     Hex            42%          1%          2
 Sublimation of Blood     Necr           21%          1%          2
 Confusing Touch          Hex            42%          1%          3
 Dazzling Flash           Conj/Hex       100%         1%          3
 Gell's Gravitas          Tloc           27%          1%          3
 Lesser Beckoning         Tloc           27%          1%          3
 Portal Projectile        Hex/Tloc       98%          1%          3
 Spider Form              Tmut/Pois      55%          1%          3
 Static Discharge         Conj/Air       100%         1%          3
 Tukima's Dance           Hex            42%          1%          3
 Vampiric Draining        Necr           21%          1%          3
 Iskenderun's Mystic Bla  Conj/Tloc      98%          1%          4
 Leda's Liquefaction      Hex/Erth       57%          1%          4
 Olgreb's Toxic Radiance  Pois           99%          1%          4
 Summon Ice Beast         Ice/Summ       100%         1%          4
 Summon Lightning Spire   Summ/Air       71%          1%          4
 Alistair's Intoxication  Tmut/Pois      73%          1%          5
 Blade Hands              Tmut           59%          1%          5
 Borgnjor's Vile Clutch   Necr/Erth      57%          1%          5
 Lightning Bolt           Conj/Air       53%          1%          5
 Metabolic Englaciation   Hex/Ice        52%          1%          5
 Yara's Violent Unravell  Hex/Tmut       45%          1%          5
 Eringya's Noxious Bog    Tmut/Pois      55%          1%          6
 Freezing Cloud           Conj/Ice/Air   59%          1%          6
 Hydra Form               Tmut           59%          1%          6
 Iron Shot                Conj/Erth      69%          1%          6
 Simulacrum               Ice/Necr       52%          1%          6
 Starburst                Conj/Fire      83%          1%          6
 Passage of Golubria      Tloc           N/A          2%          4
 Dragon Form              Tmut           59%          2%          7
 Animate Dead             Necr           21%          3%          4
 Cause Fear               Hex            21%          3%          4
 Dispel Undead            Necr           42%          3%          4
 Silence                  Hex/Air        33%          3%          5
 Summon Forest            Summ/Tloc      27%          6%          5
 Summon Mana Viper        Hex/Summ       49%          9%          5
 Agony                    Necr           42%          10%         5
 Excruciating Wounds      Necr           21%          10%         5
 Dispersal                Tloc           27%          32%         6
 Shadow Creatures         Summ           N/A          32%         6
 Invisibility             Hex            42%          45%         6
 Malign Gateway           Summ/Tloc      27%          86%         7
 Summon Hydra             Summ           27%          86%         7
 Necromutation            Tmut/Necr      45%          86%         8
 Discord                  Hex            21%          100%        8
 Disjunction              Tloc           27%          100%        8
 Dragon's Call            Summ           27%          100%        9
 Tornado                  Air            42%          100%        9


Dungeon Overview and Level Annotations

Branches:
Dungeon (15/15)            Temple (0/1) D:7            Lair (6/6) D:9
 Shoals (4/4) Lair:3       Spider (4/4) Lair:2        Slime (0/5) Lair:5
    Orc (2/2) D:10            Elf (3/3) Orc:2        Vaults (5/5) D:14
  Crypt (3/3) Vaults:2       Tomb (0/3) Crypt:3      Depths (5/5) D:15
    Zot (4/5) Depths:5      IceCv (visited)         Desolation (visited)
Gauntlet (visited)

Altars:
Ashenzari
Cheibriados
Dithmenos
Fedhas
Gozag
Kikubaaqudgha
Makhleb
Ru
Sif Muna
Trog
Uskayaw
Wu Jian
Xom
Yredelemnul
Zin
The Shining One
Beogh
Jiyva

Shops:
D:4 =   D:8 (   D:13 :   D:14 :   D:15 ==:   Orc:2 =(=!   Lair:5 =   Shoals:1 }
Vaults:1 =   Vaults:2 (   Vaults:3 ![   Vaults:5 [   Depths:5 [

Portals:
Hell: Depths:1 Depths:2 Depths:3 Depths:4 Depths:5
Abyss: Depths:4 Depths:5
Pandemonium: Depths:3
Ziggurat: Depths:4

Annotations:
Depths:1 exclusion: downstairs
Depths:3 exclusion: 2 azure jellies


Innate Abilities, Weirdness & Mutations

You cannot wear most types of armour.
You are very stealthy in the water. (Stealth+)
You are amphibious.
You can wear up to eight rings at the same time.
You can use your tentacles to constrict eight enemies at once.
Your skin changes colour to match your surroundings (Stealth+).
((Your rubbery body absorbs attacks. (AC +1, EV +1)))
You are somewhat resistant to further mutation.
You are weak. (Str -2)


Message History

You burn the death cob. You grab the death cob.
The curse toe calls on the powers of darkness!
Your body is wracked with pain!
* * * LOW HITPOINT WARNING * * *
The tentacled monstrosity tentacle-slaps you but does no damage.
The tentacled monstrosity completely misses you.
You block the tentacled monstrosity's attack.
The tentacled monstrosity constricts you.
The death cob misses you.
You take 21 damage, and have 41/239 hp.
You now have 39/48 mp.
The dungeon rumbles!
Ka-crash!
You constrict the death cob. You block the death cob's attack.
The death cob hits you but does no damage.
The death cob hits you!
* * * LOW HITPOINT WARNING * * *
The death cob drains your vigour!
You feel as though you will be slow longer.
You block the death cob's attack.
You block the tentacled monstrosity's attack.
The tentacled monstrosity tentacle-slaps you but does no damage. x2
The tentacled monstrosity constricts you.
The death cob completely misses you.
The tentacled monstrosity completely misses you.
The tentacled monstrosity barely misses you.
The tentacled monstrosity closely misses you.
The tentacled monstrosity constricts you.
The curse toe calls on the powers of darkness!
Your body is wracked with pain!
* * * LOW HITPOINT WARNING * * *
You block the death cob's attack.
The tentacled monstrosity closely misses you.
The tentacled monstrosity tentacle-slaps you but does no damage.
The tentacled monstrosity closely misses you.
* * * LOW HITPOINT WARNING * * *
The tentacled monstrosity constricts you.
You take 18 damage, and have 23/239 hp.
You now have 31/48 mp.
You feel much better.
You constrict the death cob, but do no damage.
You block the death cob's attack. x2; The death cob completely misses you.
The death cob hits you but does no damage.
The tentacled monstrosity tentacle-slaps you!
* * * LOW HITPOINT WARNING * * *
The tentacled monstrosity tentacle-slaps you but does no damage.
The tentacled monstrosity barely misses you.
* * * LOW HITPOINT WARNING * * *
The tentacled monstrosity constricts you.
The death cob hits you!!
* * * LOW HITPOINT WARNING * * *
The death cob drains your vigour!
You feel as though you will be slow longer.
You block the tentacled monstrosity's attack.
The tentacled monstrosity tentacle-slaps you but does no damage. x2
* * * LOW HITPOINT WARNING * * *
The tentacled monstrosity constricts you.
The curse toe gestures.
You take 13 damage, and have 10/239 hp. [a] - 756 gold - brilliance, magic, haste and heal wounds [b] - 322 gold - haste and brilliance [c] - 442 gold - lignification, might and resistance Purchase which effect?
You feel clever all of a sudden. Magic courses through your body.
You feel yourself speed up.
You feel much better.
You constrict the death cob, but do no damage.
You block the death cob's attack. x2; The death cob completely misses you.
You riposte.
You hit the death cob but do no damage. You squeeze the death cob.
The death cob misses you.
The curse toe gestures.
The tentacled monstrosity tentacle-slaps you but does no damage.
The tentacled monstrosity tentacle-slaps you.
* * * LOW HITPOINT WARNING * * *
The tentacled monstrosity completely misses you.
* * * LOW HITPOINT WARNING * * *
The tentacled monstrosity constricts you.
The death cob misses you.
The deathcap releases spores at you but does no damage.
You block the deathcap's attack.
The tentacled monstrosity tentacle-slaps you but does no damage.
The tentacled monstrosity completely misses you.
You block the tentacled monstrosity's attack.
* * * LOW HITPOINT WARNING * * *
The tentacled monstrosity constricts you!
The death cob misses you. The deathcap releases spores at you!
* * * LOW HITPOINT WARNING * * *
The deathcap releases spores at you!
* * * LOW HITPOINT WARNING * * *
You take 6 damage, and have 4/239 hp.
MP restored: 48 Really read
q - 9 scrolls of blinking {!r}?
Blink to where?
The tentacled monstrosity's grasp on you weakens, but your attempt to escape fails.
As you read the scroll of blinking {!r}, it crumbles to dust.
You constrict the death cob!
The death cob becomes distracted by the nearby gold, dreaming of imaginary riches.
The curse toe gestures.
The tentacled monstrosity tentacle-slaps you but does no damage.
You block the tentacled monstrosity's attack.
The tentacled monstrosity barely misses you.
You die...
Your body crumbles into a pile of gold.

)....# #.....## ...###
..##......# ..##
.#........ .##
.......... ##
###........ #
.###........##. #
#.............#
#.....zXff.#.#
#....ff8zf...# ##
###....ffff..#...
.#######.........f.#....
.....#..................
..................#.#. .
.......#...........## .#
......##....(....## #
.....##...........
................##


You could see a tentacled monstrosity, a curse toe, a death cob (unaware), 4
deathcaps and 6 wandering mushrooms.

Vanquished Creatures
  Mennas (Vaults:3)
  2 juggernauts
  An ancient lich (Vaults:5)
  Boris (twice) (Vaults:2 Crypt:2)
  Margery (Crypt:2)
  Saint Roka (Depths:2)
  Frederick (Crypt:1)
  3 caustic shrikes (Depths:5)
  A curse toe (Zot:2)
  14 golden dragons
  Nikola (Spider:2)
  A profane servitor (Crypt:3)
  the Enchantress (Depths:2)
  3 liches
  3 bone dragons
  Arachne (Spider:2)
  An electric golem (Zot:2)
  16 tentacled monstrosities
  2 deep elf blademasters
  4 deep elf master archers (Elf:3)
  6 titans
  5 quicksilver dragons
  Polyphemus (Shoals:2)
  5 death cobs
  13 storm dragons
  3 krakens
  A sphinx (shapeshifter) (Vaults:5)
  3 tentacled starspawn (Abyss:2)
  3 sphinxes
  The ghost of Cedruin the Warrior, an adept DrAr of Okawaru (Shoals:1)
  6 tengu reavers
  15 shadow dragons
  An ancient champion (Vaults:2)
  Donald (Shoals:3)
  Ilsuiw (Shoals:2)
  Kirke (Shoals:2)
  A draconian monk (Zot:4)
  15 frost giants
  2 iron dragons
  4 draconian knights
  Aizul (Elf:2)
  A fenstrider witch (shapeshifter) (Vaults:5)
  8 deep elf sorcerers
  An orc warlord (Vaults:4)
  A revenant (Crypt:3)
  Louise (Shoals:4)
  8 fire giants
  6 ghost moths
  The ghost of finalsalamander the Cleaver, a journeyman NaWn of Gozag (Lair:6)
  3 draconian shifters
  3 draconian scorchers
  5 curse skulls
  A balrug (Depths:2)
  4 imperial myrmidons (Desolation)
  3 draconian stormcallers (Zot:1)
  16 ghouls
  12 vault wardens
  6 emperor scorpions
  7 deep elf elementalists
  2 reapers
  2 draconian annihilators
  16 stone giants
  14 ironheart preservers
  4 war gargoyles
  26 very ugly things
  7 spriggan defenders
  4 vampire knights
  9 green draconians
  9 yellow draconians
  7 purple draconians
  9 deep elf demonologists
  4 deep elf annihilators
  A halazid warlock (Desolation)
  5 entropy weavers
  7 white draconians
  A minotaur (Gauntlet)
  3 black draconians
  10 red draconians
  An ettin (shapeshifter) (Depths:4)
  14 eidola
  4 spark wasps
  A mummy priest (Crypt:3)
  9 deep elf death magi
  A green death (Depths:2)
  3 crystal guardians
  12 ettins
  Snorg (Lair:4)
  12 jiangshi
  A death ooze (Lair:6)
  8 merfolk javelineers
  13 fire dragons
  8 ragged hierophants (Desolation)
  The ghost of Fiha the Thaumaturge, a journeyman VSTm of Dithmenos (Lair:4)
  2 quicksilver dragon zombies (Crypt:3)
  12 deep elf high priests
  11 merfolk impalers
  13 yaktaur captains
  8 great orbs of eyes
  6 spriggan air magi
  28 vault guards
  9 servants of whispers (Desolation)
  A catoblepas (Shoals:2)
  2 rakshasas
  12 boulder beetles
  16 hydras
  A hell beast (Gauntlet)
  11 ice dragons
  An ice dragon (shapeshifter) (Depths:4)
  7 merfolk avatars
  10 centaur warriors
  3 peacekeepers (Desolation)
  49 two-headed ogres
  Erica (Lair:2)
  8 deep troll shamans
  7 merfolk aquamancers
  8 death knights
  8 deep troll earth magi
  A satyr (Shoals:2)
  2 death yaks (Shoals:2)
  16 ogre magi
  18 orc high priests
  An alligator snapping turtle (Shoals:3)
  6 tengu warriors
  6 vampire magi
  Sonja (D:11)
  2 thrashing horrors (Abyss:2)
  27 deep elf knights
  2 soul eaters
  A shock serpent (shapeshifter) (Vaults:5)
  2 spriggan berserkers (Depths:2)
  13 hell knights
  An iron troll (Depths:4)
  A sixfirhy (Gauntlet)
  3 storm dragon zombies
  32 skeletal warriors
  A wretched star (Abyss:2)
  A shadow wraith (Depths:2)
  6 unseen horrors
  2 unseen horrors (shapeshifter)
  2 golden dragon zombies (Vaults:5)
  An anaconda zombie (Crypt:3)
  2 wizards
  8 sea snakes
  17 ironbrand convokers
  6 flayed ghosts
  4 glowing orange brains
  22 deep trolls
  24 deep elf archers
  An iron giant skeleton (Crypt:2)
  An obsidian statue (Vaults:3)
  2 wolf spider zombies
  28 phantasmal warriors
  5 starcursed masses (Abyss:2)
  A harpy (shapeshifter) (Vaults:2)
  6 necromancers
  24 orc knights
  2 bog bodies (Crypt:2)
  82 deep elf magi
  9 large abominations
  46 ugly things
  30 harpies
  15 orb spiders
  34 wolf spiders
  3 fire giant zombies
  3 human zombies
  10 manticores
  A faun (shapeshifter) (Vaults:5)
  5 fauns
  An orc sorcerer (Orc:1)
  A tengu skeleton (Vaults:5)
  A worldbinder (Abyss:2)
  6 cyclopes
  A moth of wrath (shapeshifter) (D:15)
  18 elephants
  4 oklob plants (Lair:6)
  2 sphinx skeletons
  2 stone giant zombies (Crypt:3)
  6 guardian serpents
  14 merfolk sirens
  6 black mambas
  A centaur zombie (D:15)
  19 moths of wrath
  2 black mambas (shapeshifter)
  3 ice statues (IceCv)
  2 stone giant skeletons (Vaults:5)
  6 water nymphs
  4 gargoyles
  2 frost giant zombies (Crypt:3)
  A molten gargoyle (Desolation)
  An eye of devastation (shapeshifter) (Depths:4)
  An apocalypse crab (Abyss:2)
  Maurice (D:13)
  26 vault sentinels
  A torpor snail (shapeshifter) (Vaults:2)
  10 cane toads
  4 smoke demons (Abyss:2)
  A naga mage (Abyss:2)
  An orange demon (Zot:1)
  A yaktaur zombie (Vaults:1)
  An emperor scorpion zombie (Crypt:1)
  10 demonic crawlers
  16 komodo dragons
  34 yaktaurs
  A dire elephant skeleton (Crypt:1)
  A yellow draconian zombie (Crypt:2)
  11 rime drakes
  A sea snake zombie (Crypt:1)
  3 kobold demonologists
  A catoblepas skeleton (Crypt:1)
  An ice devil (Depths:1)
  A guardian mummy (Crypt:3)
  4 tengu conjurers
  10 freezing wraiths
  A komodo dragon (shapeshifter) (Depths:4)
  7 trolls
  A yaktaur skeleton (Vaults:2)
  A queen bee (shapeshifter) (Vaults:4)
  A meliai (shapeshifter) (Depths:4)
  A jumping spider (shapeshifter) (Vaults:1)
  5 wind drakes
  55 jumping spiders
  5 polar bears
  A tyrant leech (Gauntlet)
  A polar bear (shapeshifter) (Vaults:1)
  2 wind drakes (shapeshifter)
  7 hornets
  48 merfolk
  48 saltlings
  A sphinx simulacrum (Vaults:5)
  42 slime creatures
  7 snapping turtles
  2 ice dragon zombies (Crypt:3)
  17 blink frogs
  An ettin zombie (Crypt:3)
  An alligator zombie (Crypt:3)
  6 dream sheep (Lair:5)
  3 air elementals
  Sigmund (D:6)
  2 spriggans (Depths:2)
  4 flying skulls
  An ushabti (Crypt:3)
  22 water elementals
  97 redbacks
  36 tarantellas
  6 wraiths
  2 ynoxinuls (Abyss:2)
  A black mamba zombie (Crypt:3)
  3 shadows
  A vampire (D:10)
  6 wyverns
  3 hogs (Shoals:2)
  54 yaks
  Grum (D:8)
  A chaos spawn (Depths:2)
  6 small abominations
  3 fire elementals
  A fire bat (Abyss:2)
  A neqoxec (Abyss:2)
  2 golden eyes (shapeshifter)
  6 basilisks
  10 vampire mosquitoes
  3 swamp worms (Gauntlet)
  2 nagas (Abyss:2)
  11 wargs
  A deep troll zombie (Crypt:2)
  An insubstantial wisp (Depths:2)
  23 water moccasins
  A swamp worm (shapeshifter) (D:10)
  4 acid dragons
  A floating eye (shapeshifter) (Depths:2)
  2 soldier ants
  Duvessa (D:6)
  53 orc warriors
  A sky beast (D:11)
  3 black bears
  2 snapping turtle zombies
  A black bear (shapeshifter) (Vaults:1)
  An elephant zombie (Crypt:2)
  12 ice beasts
  A tengu (shapeshifter) (Depths:2)
  11 boggarts
  A swamp dragon zombie (Crypt:3)
  A phantom (Depths:2)
  18 necrophages
  33 centaurs
  An eye of draining (shapeshifter) (Vaults:5)
  34 ogres
  A snapping turtle skeleton (Crypt:1)
  13 wolves
  A centaur (shapeshifter) (Depths:2)
  Blork the orc (D:5)
  2 big kobolds
  17 bullfrogs
  6 gnoll sergeants (D:10)
  An octopode zombie (Crypt:1)
  2 earth elementals
  A warg zombie (Crypt:2)
  8 wyvern skeletons (Crypt:3)
  Dowan (D:6)
  3 scorpions
  A water moccasin skeleton (D:6)
  3 wights (D:13)
  4 killer bees (D:8)
  6 howler monkeys
  A bullfrog zombie (D:13)
  8 electric eels
  4 crimson imps
  2 lava snakes
  8 hounds
  4 human simulacra (Vaults:1)
  2 quasits (Abyss:2)
  An iron imp (Depths:3)
  10 jellies
  46 orc priests
  2 bullfrog skeletons
  9 centaur skeletons
  30 orc wizards
  6 iguanas
  Natasha (thrice) (D:3)
  A hell rat (Depths:2)
  11 worker ants
  Terence (D:3)
  An acid dragon zombie (Crypt:1)
  A centaur simulacrum (D:8)
  A tengu zombie (Crypt:2)
  A hound zombie (D:5)
  A hound skeleton (D:8)
  A mummy (Crypt:3)
  A howler monkey zombie (D:8)
  2 worker ant zombies
  22 adders
  8 gnolls
  2 howler monkey skeletons
  A swamp drake skeleton (Crypt:1)
  3 shadow imps
  6 white imps
  7 ufetubi
  5 worms
  A barachi zombie (Crypt:2)
  3 dart slugs
  7 leopard geckos
  162 orcs
  9 bats
  5 giant cockroaches
  5 goblins
  4 hobgoblins
  3 jackals
  13 kobolds
  8 quokkas
  A ball python (D:5)
  3 frilled lizards
  2 goblin skeletons
  A goblin zombie (Crypt:1)
  3 hobgoblin zombies (D:8)
  2 kobold skeletons (D:8)
  A leopard gecko zombie (D:5)
  A quokka skeleton (D:4)
  5 rats
  A plant (Shoals:2)
  2 starspawn tentacles (Abyss:2)
2764 creatures vanquished.

Vanquished Creatures (collateral kills)
  A yak (D:11)
1 creature vanquished.

Vanquished Creatures (others)
  An ice dragon (Depths:2)
  A peacekeeper (Elf:2)
  29 dancing weapons
  A bush (D:15)
  8 demonic plants (Gauntlet)
  7 fulminant prisms
  52 fungi
  181 plants
  9 starspawn tentacles (Abyss:2)
  12 tentacles
  34 withered plants (Crypt:3)
335 creatures vanquished.

Grand Total: 3100 creatures vanquished

Notes
Turn   | Place    | Note
-------+----------+-------------------------------------------
     0 | D:1      | sokol815 the Octopode Hedge Wizard began the quest for the
                  | Orb.
     0 | D:1      | Reached XP level 1. HP: 11/11 MP: 4/4
   318 | D:1      | Reached skill level 2 in Conjurations
   318 | D:1      | Reached XP level 2. HP: 17/17 MP: 3/6
   955 | D:2      | Reached skill level 3 in Conjurations
   955 | D:2      | Reached XP level 3. HP: 21/21 MP: 3/7
  1200 | D:2      | Reached XP level 4. HP: 26/27 MP: 5/8
  1642 | D:2      | Found a bloodstained altar of Trog.
  1680 | D:2      | Reached skill level 4 in Conjurations
  1820 | D:2      | Reached skill level 3 in Stealth
  1876 | D:2      | Found an opulent altar of Gozag.
  1884 | D:2      | Became a worshipper of Gozag Ym Sagoz the Greedy
  1895 | D:2      | Found a burning altar of Makhleb.
  1930 | D:2      | Found a glowing silver altar of Zin.
  1931 | D:2      | Noticed an angel
  1932 | D:2      | Noticed a cacodemon
  2142 | D:2      | Learned a level 3 spell: Mephitic Cloud
  2405 | D:3      | Noticed Terence
  2414 | D:3      | Killed Terence
  2415 | D:3      | Reached skill level 1 in Poison Magic
  2415 | D:3      | Reached XP level 5. HP: 19/31 MP: 3/9
  2418 | D:3      | Reached skill level 1 in Short Blades
  2637 | D:3      | Found a snail-covered altar of Cheibriados.
  2768 | D:3      | Noticed Natasha
  2831 | D:3      | Reached skill level 1 in Air Magic
  3295 | D:4      | Gained mutation: You are weak. (Str -2) [potion of
                  | mutation]
  3295 | D:4      | Gained mutation: You are somewhat resistant to further
                  | mutation. [potion of mutation]
  3344 | D:4      | Reached skill level 2 in Short Blades
  3515 | D:4      | Reached skill level 4 in Stealth
  3515 | D:4      | Reached skill level 2 in Poison Magic
  3515 | D:4      | Reached XP level 6. HP: 31/36 MP: 5/10
  4368 | D:4      | Reached skill level 3 in Short Blades
  4368 | D:4      | Reached skill level 2 in Air Magic
  4476 | D:4      | Reached XP level 7. HP: 33/41 MP: 6/11
  4481 | D:5      | Entered Level 5 of the Dungeon
  4678 | D:4      | Reached skill level 3 in Poison Magic
  4872 | D:4      | Found Zihezunk's Jewellery Shop.
  4883 | D:4      | Bought a +4 ring of protection for 432 gold pieces
  5230 | D:5      | Reached skill level 5 in Stealth
  5424 | D:5      | Reached skill level 4 in Short Blades
  5709 | D:5      | Reached skill level 3 in Air Magic
  5953 | D:4      | Bought an uncursed ring of magical power for 240 gold
                  | pieces
  6109 | D:5      | Noticed Blork the orc
  6121 | D:5      | Killed Blork the orc
  6122 | D:5      | Reached skill level 6 in Stealth
  6122 | D:5      | Reached skill level 4 in Poison Magic
  6122 | D:5      | Reached XP level 8. HP: 33/46 MP: 12/12
  7947 | D:6      | Noticed Sigmund
  8047 | D:6      | Noticed Duvessa
  8122 | D:6      | Reached skill level 4 in Air Magic
  8331 | D:6      | Reached skill level 7 in Stealth
  8331 | D:6      | Reached skill level 5 in Poison Magic
  8501 | D:6      | Found a broken altar of Ashenzari.
  8504 | D:6      | Noticed Dowan
  8703 | D:7      | HP: 8/46 [ice beast (7)]
  8928 | D:7      | Reached skill level 8 in Stealth
  8928 | D:7      | Reached skill level 6 in Poison Magic
  9124 | D:7      | Found a staircase to the Ecumenical Temple.
  9487 | D:7      | Reached skill level 9 in Stealth
  9487 | D:7      | Reached XP level 9. HP: 51/51 MP: 13/13
 10092 | D:7      | Reached skill level 1 in Shields
 10427 | D:8      | Found a blossoming altar of Fedhas.
 10458 | D:8      | Noticed a polar bear
 10642 | D:8      | Noticed a two-headed ogre
 10980 | D:8      | Reached skill level 2 in Shields
 11116 | D:8      | Found a glowing golden altar of the Shining One.
 11125 | D:8      | Reached skill level 7 in Poison Magic
 11132 | D:8      | Reached skill level 5 in Conjurations
 11155 | D:8      | Reached skill level 5 in Air Magic
 11431 | D:8      | Killed a polar bear
 11432 | D:8      | Reached skill level 10 in Stealth
 11432 | D:8      | Reached skill level 3 in Shields
 11597 | D:8      | Reached skill level 4 in Shields
 11601 | D:8      | Reached skill level 1 in Long Blades
 11635 | D:8      | HP: 7/51 [electric eel/bolt of electricity (16)]
 11636 | D:8      | Reached skill level 2 in Long Blades
 11636 | D:8      | Reached skill level 3 in Dodging
 12083 | D:8      | Noticed Grum
 12095 | D:8      | Reached XP level 10. HP: 55/56 MP: 14/14
 12098 | D:8      | Killed Grum
 12099 | D:8      | Reached skill level 3 in Long Blades
 12105 | D:8      | Reached skill level 4 in Dodging
 12165 | D:8      | Found a sacrificial altar of Ru.
 12538 | D:4      | Bought an uncursed amulet of guardian spirit for 360 gold
                  | pieces
 12714 | D:9      | Found a bloodstained altar of Trog.
 12921 | D:9      | Noticed a two-headed ogre
 12922 | D:9      | Reached skill level 4 in Long Blades
 12928 | D:9      | Reached skill level 5 in Dodging
 12946 | D:9      | Killed a two-headed ogre
 12947 | D:9      | Reached skill level 5 in Long Blades
 12961 | D:9      | Reached skill level 6 in Dodging
 12975 | D:9      | Found a staircase to the Lair.
 13266 | D:9      | Found a hide-covered altar of Uskayaw.
 13269 | D:9      | Found an ornate altar of the Wu Jian Council.
 13288 | D:9      | Found a shimmering altar of Xom.
 13435 | D:9      | Reached skill level 6 in Long Blades
 13743 | D:9      | Noticed a two-headed ogre
 13767 | D:9      | Killed a two-headed ogre
 13768 | D:9      | Reached skill level 7 in Long Blades
 13768 | D:9      | Reached skill level 7 in Dodging
 13768 | D:9      | Reached XP level 11. HP: 25/61 MP: 6/15
 13973 | D:9      | Found an opulent altar of Gozag.
 13973 | D:9      | Noticed a deep elf mage
 13981 | D:9      | Killed a deep elf mage
 14070 | D:9      | Found a shadowy altar of Dithmenos.
 14216 | D:8      | Killed a two-headed ogre
 14217 | D:8      | Reached skill level 8 in Dodging
 14302 | D:8      | Bought a runed long sword for 208 gold pieces
 14344 | D:10     | Entered Level 10 of the Dungeon
 14550 | D:6      | Killed Dowan
 14558 | D:6      | Killed Duvessa
 14706 | D:6      | Killed Sigmund
 14949 | D:3      | Killed Natasha
 14993 | D:3      | Found an ancient bone altar of Kikubaaqudgha.
 14994 | D:3      | Found a shimmering blue altar of Sif Muna.
 15034 | D:3      | Noticed Natasha
 15040 | D:3      | Killed Natasha
 15119 | D:3      | Noticed Natasha
 15122 | D:3      | Killed Natasha
 15314 | D:10     | Reached skill level 8 in Long Blades
 15481 | D:10     | Noticed a cyan ugly thing
 15481 | D:10     | Noticed a deep elf mage
 15482 | D:10     | Noticed a death knight
 15740 | D:10     | Killed a cyan ugly thing
 15803 | D:10     | Noticed a centaur warrior
 15859 | D:10     | Noticed a glowing orange brain
 15876 | D:10     | a glowing orange brain changed into a swamp worm
 16095 | D:10     | HP: 15/61 [something/vampiric draining (4)]
 16100 | D:10     | HP: 10/61 [something (7)]
 16765 | D:10     | Noticed a two-headed ogre
 16767 | D:10     | Killed a centaur warrior
 16768 | D:10     | Reached skill level 9 in Dodging
 16772 | D:10     | Killed a two-headed ogre
 16773 | D:10     | Reached skill level 9 in Long Blades
 16790 | D:10     | Noticed a four-headed hydra
 16931 | D:10     | Killed a deep elf mage
 16968 | D:10     | Killed a death knight
 16995 | D:10     | Reached skill level 8 in Fighting
 16995 | D:10     | Reached XP level 12. HP: 59/82 MP: 14/16
 17273 | D:10     | Reached XP level 13. HP: 82/88 MP: 13/17
 17280 | D:10     | Reached skill level 10 in Dodging
 17476 | D:10     | Reached skill level 10 in Long Blades
 17870 | D:10     | Found a staircase to the Orcish Mines.
 18371 | D:11     | Reached skill level 11 in Long Blades
 18398 | D:11     | Noticed Sonja
 18661 | Lair:1   | Entered Level 1 of the Lair of Beasts
 18764 | Lair:1   | Reached skill level 12 in Long Blades
 18803 | Lair:1   | HP: 20/88 [blink frog (4)]
 19495 | Lair:1   | Found the +8 whip "Snakebite" {curare, rPois}
 19779 | Lair:1   | Reached skill level 1 in Maces & Flails
 19793 | Lair:1   | Reached skill level 2 in Maces & Flails
 20099 | Lair:2   | Reached skill level 3 in Maces & Flails
 20269 | Lair:2   | Learned a level 6 spell: Ozocubu's Refrigeration
 20460 | Lair:2   | Reached skill level 1 in Ice Magic
 20507 | Lair:2   | Noticed Erica
 20521 | Lair:2   | Killed Erica
 20522 | Lair:2   | Reached skill level 4 in Maces & Flails
 20530 | Lair:2   | Reached skill level 2 in Ice Magic
 20597 | Lair:2   | Found a hole to the Spider Nest.
 20794 | Lair:2   | You fall into a shaft and drop 2 floors!
 20861 | Lair:2   | Reached skill level 3 in Ice Magic
 20986 | Lair:2   | Reached skill level 5 in Maces & Flails
 21518 | Lair:3   | Reached skill level 4 in Ice Magic
 21687 | Lair:3   | Reached XP level 14. HP: 94/94 MP: 18/18
 21835 | Lair:3   | Reached skill level 6 in Maces & Flails
 22066 | Lair:3   | Reached skill level 5 in Ice Magic
 22205 | Lair:3   | Found a staircase to the Shoals.
 22244 | Lair:3   | HP: 18/94 [merfolk siren/+0 trident (19)]
 22262 | Lair:3   | Reached skill level 7 in Maces & Flails
 22270 | Lair:3   | Reached skill level 6 in Ice Magic
 22806 | Lair:3   | Found a broken altar of Ashenzari.
 23424 | Lair:4   | Noticed Snorg
 23428 | Lair:4   | Killed Snorg
 23636 | Lair:4   | Reached skill level 7 in Ice Magic
 23844 | Lair:4   | Reached skill level 8 in Maces & Flails
 24157 | Lair:4   | Found a runed translucent door.
 24157 | Lair:4   | Found a shimmering altar of Xom.
 24157 | Lair:4   | Noticed Fiha's ghost (journeyman VSTm)
 24349 | Lair:4   | Reached skill level 8 in Ice Magic
 24785 | Lair:5   | HP: 11/94 [komodo dragon (20)]
 24795 | Lair:5   | HP: 6/94 [boulder beetle (19)]
 25321 | Lair:5   | Found a frozen archway.
 25346 | IceCv    | Entered an ice cave
 25437 | IceCv    | Reached skill level 9 in Ice Magic
 26441 | Lair:5   | Got a twisted dagger
 26442 | Lair:5   | Identified the cursed +1 dagger "Qurizan" {vorpal, Will+
                  | Int+4} (You found it on level 5 of the Lair of Beasts)
 26456 | Lair:5   | Reached skill level 10 in Ice Magic
 27012 | Lair:5   | Reached skill level 11 in Ice Magic
 27685 | Lair:5   | Found a staircase to the Slime Pits.
 27912 | Lair:5   | Bought the ring "Boapp" {rF+ Dex+8} for 927 gold pieces
 27912 | Lair:5   | Bought the ring of Emoic {*Drain rC+ Int+5} for 701 gold
                  | pieces
 27932 | Lair:6   | Entered Level 6 of the Lair of Beasts
 27968 | Lair:6   | Reached skill level 12 in Ice Magic
 27968 | Lair:6   | Reached XP level 15. HP: 99/99 MP: 19/19
 28419 | Lair:6   | Reached skill level 13 in Ice Magic
 28789 | Lair:6   | Reached skill level 14 in Ice Magic
 29499 | Lair:6   | Found a runed translucent gate.
 29499 | Lair:6   | Found a runed translucent gate.
 29499 | Lair:6   | Found a runed translucent gate.
 29511 | Lair:6   | Noticed finalsalamander's ghost (journeyman NaWn)
 30004 | Lair:6   | Reached skill level 15 in Ice Magic
 30039 | Lair:6   | Identified a scroll of acquirement
 30039 | Lair:6   | Acquired the ring of Lugonu's Hope {rPois rN+ Str+6 Int+4
                  | Dex+6}
 30829 | Lair:6   | Found a viscous altar of Jiyva.
 31167 | D:11     | Killed Sonja
 31755 | D:11     | Reached skill level 16 in Ice Magic
 32107 | D:12     | Reached skill level 11 in Dodging
 32673 | D:13     | Found Cockupt's Book Boutique.
 32696 | D:13     | Reached skill level 13 in Long Blades
 32752 | D:13     | Found a gate leading to a gauntlet.
 32774 | Gauntlet | Entered a Gauntlet
 32774 | Gauntlet | Found a transporter.
 32774 | Gauntlet | Found a transporter.
 32778 | Gauntlet | Found a transporter.
 32779 | Gauntlet | Found a transporter.
 32788 | Gauntlet | Found a transporter.
 32792 | Gauntlet | Found a transporter.
 32802 | Gauntlet | Found a transporter.
 32893 | Gauntlet | Found a transporter.
 32895 | Gauntlet | Found a transporter.
 32903 | Gauntlet | Found a transporter.
 32907 | Gauntlet | Found a transporter.
 32917 | Gauntlet | Found a transporter.
 33241 | Gauntlet | Identified the +6 scale mail "Vosap" {Rampage rC- Dex+5}
 33301 | Gauntlet | Identified the Guide on Entrancing Stones
 33696 | D:13     | Reached XP level 16. HP: 105/105 MP: 16/20
 34065 | D:13     | Noticed Maurice
 34072 | D:13     | Killed Maurice
 34364 | D:14     | Reached skill level 5 in Shields
 34415 | D:14     | Found Wuproiv's Book Shop.
 34813 | D:14     | Reached skill level 6 in Shields
 35088 | D:14     | Found a gate to the Vaults.
 35267 | D:14     | Reached skill level 7 in Shields
 35273 | D:14     | Reached skill level 12 in Dodging
 35820 | D:15     | Entered Level 15 of the Dungeon
 36287 | D:15     | HP: 23/105 [death knight/+0 glaive (6)]
 36289 | D:15     | HP: 5/105 [mirror damage (18)]
 36708 | D:15     | Reached skill level 8 in Shields
 36908 | D:15     | Found a staircase to the Depths.
 37157 | Orc:1    | Entered Level 1 of the Orcish Mines
 37569 | Orc:1    | Reached skill level 9 in Shields
 37891 | Orc:2    | Entered Level 2 of the Orcish Mines
 37899 | Orc:2    | Found a flickering gateway to a bazaar.
 37949 | Bazaar   | Entered a bazaar
 37949 | Bazaar   | Found Fesebreg's Weapon Boutique.
 37949 | Bazaar   | Found Iklun's Weapon Shoppe.
 37949 | Bazaar   | Found Itzoaxa's Antique Weapon Shop.
 37949 | Bazaar   | Found Kuamitad's Weapon Shoppe.
 37960 | Bazaar   | Found Tatik's Distillery.
 37960 | Bazaar   | Found Rucoff's General Store.
 37968 | Bazaar   | Bought a potion of resistance for 160 gold pieces
 37968 | Bazaar   | Bought 2 potions of heal wounds for 160 gold pieces
 37968 | Bazaar   | Bought a potion of heal wounds for 80 gold pieces
 37985 | Bazaar   | Bought a potion of magic for 128 gold pieces
 37985 | Bazaar   | Bought a potion of might for 64 gold pieces
 37985 | Bazaar   | Bought a potion of brilliance for 64 gold pieces
 37985 | Bazaar   | Bought a potion of mutation for 128 gold pieces
 37985 | Bazaar   | Bought a potion of mutation for 128 gold pieces
 37990 | Bazaar   | Bought 26 stones for 18 gold pieces
 37991 | Bazaar   | Bought a potion of lignification for 21 gold pieces
 38201 | Orc:2    | Found a staircase to the Elven Halls.
 38228 | Orc:2    | Reached skill level 10 in Shields
 38228 | Orc:2    | Reached XP level 17. HP: 78/109 MP: 21/21
 38771 | Orc:2    | Found a roughly hewn altar of Beogh.
 39097 | Orc:2    | Found Rur Jefo's Weapon Emporium.
 39126 | Orc:2    | Bought the +10 short sword of Pamn {elec, MP+9 Str+3} for
                  | 1435 gold pieces
 39149 | Orc:2    | Found Lazyr's Jewellery Boutique.
 39239 | Orc:2    | Found Fexagen's Jewellery Boutique.
 39239 | Orc:2    | Found Emmirips's Distillery.
 39244 | Orc:2    | Bought the ring of Gutzagoe {Int+4 SInv Stlth+} for 564
                  | gold pieces
 39244 | Orc:2    | Bought the ring "Putikhle" {Wiz rC+ Int+4} for 890 gold
                  | pieces
 39257 | Orc:2    | Bought a potion of heal wounds for 75 gold pieces
 39257 | Orc:2    | Bought a potion of haste for 150 gold pieces
 39257 | Orc:2    | Bought a potion of heal wounds for 75 gold pieces
 39410 | D:10     | Learned a level 1 spell: Apportation
 39531 | Spider:1 | Entered Level 1 of the Spider Nest
 39535 | Spider:1 | Reached skill level 13 in Dodging
 39818 | Spider:1 | Reached skill level 11 in Shields
 40024 | Spider:1 | Reached skill level 5 in Short Blades
 40808 | Spider:2 | Noticed Arachne
 40827 | Spider:2 | Killed Arachne
 41881 | Spider:2 | Reached skill level 6 in Short Blades
 41886 | Spider:2 | Reached skill level 12 in Shields
 42145 | Spider:2 | Noticed Nikola
 42154 | Spider:2 | Killed Nikola
 42155 | Spider:2 | Reached skill level 4 in Spellcasting
 43342 | Spider:3 | Reached XP level 18. HP: 116/116 MP: 24/24
 43503 | Spider:4 | Entered Level 4 of the Spider Nest
 43915 | Spider:4 | Reached skill level 7 in Short Blades
 44031 | Spider:4 | Reached skill level 5 in Spellcasting
 44331 | Spider:4 | Reached skill level 14 in Dodging
 44331 | Spider:4 | Reached skill level 13 in Shields
 45489 | Spider:4 | Reached skill level 6 in Spellcasting
 45616 | Spider:4 | Reached skill level 8 in Short Blades
 45760 | Spider:4 | Got a gossamer rune of Zot
 45977 | Shoals:1 | Entered Level 1 of the Shoals
 46036 | Shoals:1 | Found a transporter.
 46036 | Shoals:1 | Noticed Cedruin's ghost (adept DrAr)
 46114 | Shoals:1 | Found Cadaesu's Gadget Shoppe.
 46125 | Shoals:1 | Bought a condenser vane for 600 gold pieces
 46391 | Shoals:1 | Found a transporter.
 46947 | Shoals:2 | Reached skill level 14 in Shields
 46948 | Shoals:2 | Noticed Polyphemus
 46973 | Shoals:2 | Killed Polyphemus
 47342 | Shoals:2 | Noticed Kirke
 47351 | Shoals:2 | Reached skill level 7 in Spellcasting
 47484 | Shoals:2 | Killed Kirke
 47770 | Shoals:2 | Noticed Ilsuiw
 47776 | Shoals:2 | Reached XP level 19. HP: 79/120 MP: 30/30
 47780 | Shoals:2 | Killed Ilsuiw
 48069 | Shoals:2 | Reached skill level 15 in Shields
 48482 | Shoals:2 | Reached skill level 8 in Spellcasting
 48825 | D:13     | Bought a book of the Tempests for 1120 gold pieces
 48834 | D:13     | Learned a level 8 spell: Ignition
 49101 | Shoals:3 | Reached skill level 1 in Fire Magic
 49161 | Shoals:3 | Reached skill level 2 in Fire Magic
 49162 | Shoals:3 | Noticed Donald
 49171 | Shoals:3 | Killed Donald
 49392 | Shoals:3 | Reached skill level 3 in Fire Magic
 50119 | Shoals:4 | Entered Level 4 of the Shoals
 50261 | Shoals:4 | Reached skill level 4 in Fire Magic
 50271 | Shoals:4 | Reached skill level 11 in Stealth
 50635 | Shoals:4 | Reached skill level 9 in Fighting
 50787 | Shoals:4 | Reached skill level 5 in Fire Magic
 51035 | Shoals:4 | Identified the ring "Juddef" {Fire rElec Str+3} (You found
                  | it on level 4 of the Shoals)
 51631 | Shoals:4 | Reached skill level 6 in Fire Magic
 51649 | Shoals:4 | Got a barnacled rune of Zot
 51806 | Shoals:4 | Reached skill level 12 in Stealth
 51867 | Shoals:4 | Noticed Louise
 52422 | Vaults:1 | Entered Level 1 of the Vaults
 52528 | Vaults:1 | Reached skill level 7 in Fire Magic
 52706 | Vaults:1 | Found Wewneugg's Jewellery Emporium.
 53164 | D:14     | Reached skill level 8 in Fire Magic
 53164 | D:14     | Reached XP level 20. HP: 124/132 MP: 32/32
 53178 | Vaults:1 | Reached skill level 10 in Fighting
 53585 | Vaults:1 | Identified Jaebb's Advanced Spellcasting
 53749 | Vaults:1 | Reached skill level 9 in Fire Magic
 54274 | Vaults:2 | Reached skill level 10 in Fire Magic
 54460 | Vaults:2 | Found Nyruskij's Antique Weapon Shop.
 54476 | Vaults:2 | Identified the cursed +1 leather armour of the World {rC+}
 54877 | Vaults:2 | Reached skill level 11 in Fire Magic
 55069 | Vaults:2 | Reached skill level 12 in Fire Magic
 56183 | Vaults:2 | Found a portal to a secret trove of treasure.
 56276 | Vaults:3 | Reached skill level 13 in Fire Magic
 56548 | Vaults:3 | Found Bujus's Distillery.
 56668 | Vaults:3 | Bought a potion of experience for 1100 gold pieces
 56668 | Vaults:3 | Bought a potion of heal wounds for 110 gold pieces
 56668 | Vaults:3 | Bought a potion of magic for 176 gold pieces
 56668 | Vaults:3 | Reached skill level 14 in Fire Magic
 56668 | Vaults:3 | Reached XP level 21. HP: 137/137 MP: 33/33
 57151 | Vaults:3 | Reached XP level 22. HP: 134/143 MP: 31/34
 57410 | Vaults:3 | Found Enodiaf's Armour Shoppe.
 57501 | Vaults:3 | Reached skill level 15 in Fire Magic
 57931 | Vaults:2 | Noticed Boris
 58381 | Vaults:3 | Noticed Mennas
 58445 | Vaults:3 | Learned a level 4 spell: Fulminant Prism
 58582 | Vaults:4 | Reached skill level 16 in Fire Magic
 59176 | Vaults:4 | Reached skill level 17 in Fire Magic
 59951 | Vaults:4 | Reached skill level 18 in Fire Magic
 60383 | Vaults:4 | Identified the +5 short sword of the Wheel {venom, +Rage
                  | rF+ rC+}
 60620 | Vaults:4 | Reached XP level 23. HP: 123/148 MP: 35/35
 61440 | Elf:1    | Entered Level 1 of the Elven Halls
 61593 | Elf:1    | Reached skill level 19 in Fire Magic
 62991 | Elf:2    | Found a ruined gateway.
 63157 | Desolati | Entered the Desolation of Salt
 63243 | Desolati | Reached skill level 20 in Fire Magic
 63267 | Desolati | Got a masterwork falchion
 63268 | Desolati | Identified the cursed +1 falchion of Nusiupn {vorpal, *Rage
                  | rPois rF+ Dex+7} (You found it in the Desolation of Salt)
 63798 | Desolati | Identified the Incunabulum of Shifting Toxins
 63908 | Desolati | Found the +5 robe of Misfortune {*Contam Harm *Corrode
                  | *Drain *Slow EV+5}
 65169 | Elf:2    | Reached skill level 21 in Fire Magic
 65172 | Elf:2    | Found a runed translucent door.
 65210 | Elf:2    | Found a runed translucent door.
 65458 | Elf:2    | Noticed Aizul
 65466 | Elf:2    | Killed Aizul
 65844 | Elf:2    | Reached XP level 24. HP: 95/154 MP: 35/35
 66173 | Elf:2    | Cast into level 2 of the Abyss (+1 long sword of
                  | distortion)
 66173 | Abyss:2  | Found a corrupted altar of Lugonu.
 66486 | Abyss:2  | HP: 32/154 [starcursed mass/accursed screaming (8)]
 66793 | Abyss:2  | Reached skill level 22 in Fire Magic
 66851 | Elf:2    | Escaped the Abyss
 67485 | Depths:1 | Entered Level 1 of the Depths
 67804 | Depths:1 | You fall into a shaft and drop 1 floor!
 68562 | Depths:2 | Reached skill level 23 in Fire Magic
 69071 | D:15     | Bought a book of the Earth for 780 gold pieces
 69078 | D:15     | Learned a level 6 spell: Statue Form
 69078 | D:15     | Bought the Almanac of Creative Shape Shifting for 2853 gold
                  | pieces
 69084 | D:15     | Learned a level 5 spell: Irradiate
 69091 | D:15     | Bought the amulet "Hupyrugg" {rN+ Regen+ Int+4 SInv} for
                  | 807 gold pieces
 69101 | D:15     | Bought an uncursed ring of willpower for 375 gold pieces
 69105 | D:15     | Bought the ring "Kempum" {MP+9 Int+4} for 531 gold pieces
 69329 | Depths:1 | Reached skill level 1 in Transmutations
 69329 | Depths:1 | Reached skill level 1 in Earth Magic
 69364 | Depths:1 | Found a gateway to Hell.
 69505 | Depths:1 | Reached skill level 2 in Transmutations
 69505 | Depths:1 | Reached skill level 2 in Earth Magic
 69515 | Depths:1 | Reached skill level 3 in Transmutations
 69515 | Depths:1 | Reached skill level 3 in Earth Magic
 69765 | Depths:1 | Identified the +8 trident "Qauziorgh" {vorpal, Str+2}
 69772 | Depths:1 | Reached skill level 4 in Transmutations
 69772 | Depths:1 | Reached skill level 4 in Earth Magic
 70340 | Depths:2 | Reached skill level 5 in Earth Magic
 70341 | Depths:2 | Reached skill level 5 in Transmutations
 70443 | Depths:2 | Reached XP level 25. HP: 136/159 MP: 20/35
 70635 | Depths:2 | Found a runed translucent gate.
 70635 | Depths:2 | Found a runed translucent gate.
 70635 | Depths:2 | Found a runed translucent gate.
 70644 | Depths:2 | Reached skill level 6 in Transmutations
 70644 | Depths:2 | Reached skill level 6 in Earth Magic
 70812 | Depths:2 | Noticed the Enchantress
 70816 | Depths:2 | Killed the Enchantress
 71045 | Depths:2 | Noticed Saint Roka
 71306 | Depths:2 | Killed Saint Roka
 71307 | Depths:2 | Reached skill level 7 in Transmutations
 71307 | Depths:2 | Reached skill level 7 in Earth Magic
 71965 | Depths:3 | Found a one-way gate leading to the halls of Pandemonium.
 71984 | Depths:3 | Noticed a juggernaut
 72214 | Depths:2 | Killed a juggernaut
 72215 | Depths:2 | Reached skill level 8 in Transmutations
 72215 | Depths:2 | Reached skill level 8 in Earth Magic
 72818 | Depths:3 | Identified the +6 flail of the Pure Violins {freeze, rElec
                  | rPois} (You found it on level 3 of the Depths)
 72842 | Depths:3 | Reached skill level 9 in Transmutations
 72842 | Depths:3 | Reached skill level 9 in Earth Magic
 73962 | Depths:4 | Found a one-way gate to the infinite horrors of the Abyss.
 73969 | Depths:4 | Reached skill level 10 in Transmutations
 73969 | Depths:4 | Reached skill level 10 in Earth Magic
 74721 | Depths:4 | Reached XP level 26. HP: 116/165 MP: 29/35
 75349 | Depths:4 | Found a gateway to a ziggurat.
 75557 | Depths:5 | Entered Level 5 of the Depths
 75567 | Depths:4 | Reached skill level 17 in Ice Magic
 75649 | Depths:5 | Reached skill level 11 in Earth Magic
 75652 | Depths:5 | Reached skill level 11 in Transmutations
 76210 | Vaults:2 | You paid a toll of 8 scrolls of fear to enter a treasure
                  | trove
 76211 | Trove    | Entered a treasure trove
 76283 | Trove    | Reached skill level 12 in Earth Magic
 76283 | Trove    | Reached XP level 27. HP: 171/171 MP: 35/35
 76617 | Depths:5 | Found a gate to the Realm of Zot.
 76640 | Depths:5 | Reached skill level 13 in Earth Magic
 76822 | Depths:5 | Found Zinwob's Armour Shop.
 77013 | Depths:5 | Noticed a juggernaut
 77031 | Depths:5 | Killed a juggernaut
 77032 | Depths:5 | Reached skill level 12 in Transmutations
 77348 | Depths:5 | Reached skill level 14 in Earth Magic
 77926 | Elf:3    | Entered Level 3 of the Elven Halls
 78097 | Elf:3    | Found a shimmering altar of Xom.
 78911 | Elf:3    | Reached skill level 15 in Earth Magic
 79080 | Elf:3    | Reached skill level 16 in Earth Magic
 79407 | Elf:3    | Found the +8 longbow "Zephyr" {speed, Dex+3 SInv}
 79541 | Elf:3    | Identified the +6 long sword of Liyruk {vorpal, Str+3
                  | Int+4} (You found it on level 3 of the Elven Halls)
 80146 | Lair:4   | Killed Fiha's ghost
 80206 | Lair:6   | Killed finalsalamander's ghost
 80389 | Shoals:1 | Killed Cedruin's ghost
 80545 | Shoals:4 | Killed Louise
 81244 | Vaults:2 | Killed Boris
 81267 | Vaults:2 | Reached skill level 17 in Earth Magic
 81277 | Vaults:2 | Found a staircase to the Crypt.
 81354 | Vaults:3 | Killed Mennas
 81437 | Crypt:1  | Entered Level 1 of the Crypt
 81494 | Crypt:1  | Noticed Frederick
 81502 | Crypt:1  | Killed Frederick
 82202 | Crypt:1  | Reached skill level 18 in Earth Magic
 82375 | Crypt:1  | Reached skill level 9 in Spellcasting
 82886 | Crypt:2  | Noticed Margery
 82895 | Crypt:2  | Killed Margery
 83089 | Crypt:2  | Noticed Boris
 83099 | Crypt:2  | Killed Boris
 83100 | Crypt:2  | Reached skill level 10 in Spellcasting
 83473 | Crypt:2  | Learned a level 9 spell: Shatter
 83498 | Crypt:3  | Entered Level 3 of the Crypt
 83839 | Crypt:3  | Found a basalt altar of Yredelemnul.
 84119 | Crypt:3  | Reached skill level 19 in Earth Magic
 84159 | Crypt:3  | Identified the ring "Gejiukkaz" {rPois rF++ rC+ rN+ Stlth-}
                  | (You found it on level 3 of the Crypt)
 84160 | Crypt:3  | Identified the ring of Etyaxunle {rN+ Int+6} (You found it
                  | on level 3 of the Crypt)
 84284 | Crypt:3  | Reached skill level 11 in Spellcasting
 84930 | Crypt:3  | Found a staircase to the Tomb.
 85660 | Crypt:3  | Identified Araehoc's Catalogue of Black Magic
 85662 | Crypt:3  | Identified the Volume of Unstable Poison
 86404 | Vaults:5 | Entered Level 5 of the Vaults
 86406 | Vaults:5 | Reached skill level 12 in Spellcasting
 86406 | Vaults:5 | Reached skill level 20 in Earth Magic
 86411 | Vaults:5 | Noticed an ancient lich
 86422 | Vaults:5 | Killed an ancient lich
 86436 | Vaults:5 | Reached skill level 11 in Fighting
 86745 | Vaults:5 | Reached skill level 15 in Dodging
 86767 | Vaults:5 | Found Tifuop's Armour Emporium.
 86978 | Vaults:5 | Reached skill level 12 in Fighting
 87083 | Vaults:5 | Identified the Disquisition on Transmigration and Earth
 87152 | Vaults:5 | Identified the ring "Aplod" {+Inv EV+4 Str+4 Int+3}
 87162 | Vaults:5 | Identified the amulet "Diunuce" {Spirit rElec rC+ rN+++
                  | Str-2}
 87421 | Vaults:5 | Identified the ring of the Failed Coup {rF++ Str+6 Int+3}
                  | (You found it on level 5 of the Vaults)
 87799 | Vaults:5 | Reached skill level 6 in Conjurations
 87875 | Vaults:5 | Got a silver rune of Zot
 87929 | Vaults:5 | Reached skill level 7 in Conjurations
 88450 | Zot:1    | Entered Level 1 of the Realm of Zot
 88472 | Zot:1    | Reached skill level 16 in Dodging
 88478 | Zot:1    | Reached skill level 8 in Conjurations
 88573 | Zot:1    | Reached skill level 13 in Fighting
 88574 | Zot:1    | Reached skill level 9 in Conjurations
 88740 | Zot:1    | Reached skill level 10 in Conjurations
 88930 | Zot:1    | Reached skill level 11 in Conjurations
 89220 | Zot:1    | Reached skill level 21 in Earth Magic
 89538 | Zot:2    | Reached skill level 12 in Conjurations
 89971 | Zot:2    | Reached skill level 13 in Conjurations
 90587 | Zot:2    | Reached skill level 14 in Fighting
 91228 | Zot:3    | Reached skill level 17 in Dodging
 91783 | Zot:3    | HP: 57/239 [tentacled monstrosity (7)]
 91784 | Zot:3    | HP: 25/239 [??? (4)]
 91785 | Zot:3    | HP: 10/239 [tentacled monstrosity (3)]
 91786 | Zot:3    | HP: 4/239 [deathcap[a curse toe] (10)]
 91787 | Zot:3    | Slain by a tentacled monstrosity

Illustrated notes

Levels and vault maps discovered:
D:1:      dpeg_arrival_leaves_temple_mockup, layout_basic, serial_forest,
          infiniplex_forest_clump_double, infiniplex_forest_lined_3_way,
          infiniplex_forest_clump_small, infiniplex_forest_clump_large,
          infiniplex_forest_straight_2, infiniplex_forest_lined_3,
          serial_bayou_lake_a
D:2:      minmay_angry_zag, layout_loops_ring,
          grunt_temple_overflow_order_and_chaos_2, general_overflow_altar,
          serial_rivers, chequers_serial_rivers_room_a,
          chequers_serial_rivers_micro_a, chequers_serial_rivers_large_b,
          chequers_serial_rivers_small_b, kennysheep_big_empty_room,
          trog_three_pillars_becter
D:3:      cheibrodos_pilgrimage, layout_basic, lemuel_crystal_altar,
          gammafunk_temple_overflow_pools, minmay_box_of_dots, uniq_natasha,
          uniq_terence
D:4:      layout_loops_ring, serial_shops, shop
D:5:      layout_layer_cave, uniq_blork_the_orc
D:6:      layout_basic, evilmike_ruin_ashenzari, chequers_serial_rivers_micro_e,
          grunt_ministairs_3, uniq_duvessa, uniq_sigmund
D:7:      layout_basic, minmay_temple_entry_statues, kennysheep_generic_room_15
D:8:      minmay_general_purpose_star, layout_loops_ring,
          fedhas_bush_and_centaur_altar, nicolae_overflow_hidden_temple,
          nicolae_tso_besieged_by_evil, serial_ice, serial_ice_j, serial_ice_e,
          serial_ice_d, serial_ice_c, uniq_grum
D:9:      layout_roguey, bloody_trog, grunt_temple_overflow_cloverleaf,
          minmay_lair_entry_grove, david_defended_altar_elf
D:10:     layout_basic, kennysheep_orc_monster_closet_entryway,
          minmay_the_grid_2x2 [minmay_the_grid_diamond_grid,
          minmay_the_grid_rooms, minmay_the_grid_square_x,
          minmay_the_grid_prize_four_corners]
D:11:     layout_basic, grunt_ministairs_1, minmay_starry_boxes, uniq_sonja
D:12:     layout_rooms, nicolae_benzene_ring
D:13:     layout_loops_corners, gauntlet_entry_generic, serial_shops,
          nicolae_shop_behind_doors, uniq_maurice
D:14:     layout_stronghold, hangedman_vaults_entry_quadrant_bands,
          kennysheep_path_1, serial_shops, nicolae_shop_statue_plus,
          st_stairs_11
D:15:     grunt_enter_depths_hoard, layout_cave_pools, serial_park_tiny_2,
          serial_column_ruins, column_ruins_open_medium, column_ruins_open_tiny,
          column_ruins_open_small, column_ruins_corridor_T,
          column_ruins_open_tiny
Lair:1:   minmay_guarded_unrand_snakebite, layout_cave_shapes
Lair:2:   layout_long_grid, spider_nest_entry_funnel_web, serial_bayou_lagoon_a,
          infiniplex_staircase_pool_2, uniq_erica
Lair:3:   layout_roguey, elwin_shoals_entry_stream, lemuel_centaur_altar,
          grunt_megastairs_1
Lair:4:   layout_hall_layers, ebering_ghost_xom, uniq_snorg
Lair:5:   layout_gridlike, dpeg_slime_entry_corner, portal_ice_cave_rime,
          beast_lair_carwin_4
Lair:6:   gammafunk_lair_ancient_temple, layout_regular_city,
          gammafunk_ghost_ooze, minmay_lair_oklob_chamber,
          infiniplex_staircase_pool
Shoals:1: layout_shoals, gammafunk_ghost_arena, serial_shops,
          nicolae_shop_crystal, nicolae_shoals_aquamancer_cove
Shoals:2: layout_shoals, nicolae_shoals_wave_tunnel, uniq_polyphemus,
          uniq_kirke, uniq_ilsuiw
Shoals:3: layout_shoals, uniq_donald
Shoals:4: shoals_end_hangedman, layout_shoals, uniq_louise
Spider:1: layout_spider_delve
Spider:2: layout_chambers, uniq_arachne, uniq_nikola
Spider:3: layout_spider_delve
Spider:4: grunt_spider_rune_parallel, spiders_nest_ghost_moth_duel
Orc:1:    layout_caves, library_closet
Orc:2:    st_orc_town, layout_caves, serial_shops, bzr_entry_water
Elf:1:    minmay_elf_arrival_summoners, layout_onion_city,
          hangedman_elf_represent, grunt_ministairs_12
Elf:2:    layout_geoelf_grid, portal_desolation_entry_nicolae_nacl, uniq_aizul
Elf:3:    minmay_elf_hall_not_hex, layout_onion_city, basic_altar,
          lemuel_flamethrower_3
Vaults:1: vaults_room_glass_cross, hangedman_vaults_locks, grunt_vaults_twisty,
          v_misc_16, v_misc_25, hangedman_vaults_hat, nicolae_vaults_triangles,
          nicolae_vaults_shelves_hall, ontoclasm_vaults_ring_large,
          ontoclasm_vaults_eye, v_misc_13, nicolae_vaults_little_squares_1,
          v_rooms_2, v_misc_23, layout_vaults_omnibox, serial_shops,
          nicolae_shop_waterfront
Vaults:2: minmay_crypt_entry_simple_box, nicolae_vaults_minivaults, v_misc_5,
          grunt_vaults_funnel, vaults_room_hallway, v_misc_26, vaults_room_pool,
          nicolae_vaults_alarming, vaults_room_door_ring,
          nicolae_vaults_mini_display_case, layout_vaults_omnigrid,
          nicolae_trove_entry_diagonal, serial_shops, shop, uniq_boris
Vaults:3: v_misc_3, grunt_vaults_hallway_long, ontoclasm_vaults_bender,
          nicolae_vaults_statue_guard, v_misc_3, v_alt_pattern_1,
          dpeg_vaults_monster_box, grunt_vaults_hallway_long, v_alt_pattern_6,
          v_misc_26, v_pattern_3, nicolae_vaults_specimen_jars,
          vaults_room_stairs_pillars, nicolae_vaults_little_ls,
          grunt_vaults_focal, vaults_mumra_lcd, vaults_dpeg_ring,
          layout_vaults_omnicross, serial_shops, shop, uniq_mennas
Vaults:4: hangedman_vaults_variations, vaults_dpeg_diagonal,
          vaults_mumra_chevron_long, v_misc_3, ontoclasm_vaults_idyll,
          special_room_vaults [special_room_orc], hangedman_vaults_impose,
          v_misc_11, v_alt_pattern_2, v_misc_14, v_misc_22,
          nicolae_vaults_asterisk, layout_vaults_chaotic_city
Vaults:5: serial_shops
Crypt:1:  layout_gridlike, grunt_crypt_arrival_webbed, uniq_frederick
Crypt:2:  layout_misc_corridors, serial_sigils_hangedman_quiver,
          feat_on_display, uniq_margery
Crypt:3:  evilmike_haunted_forest
Depths:1: layout_cave_pools, hangedman_coc_ice_floe, serial_bayou_pond_c,
          serial_sigils_hangedman_gnaw, grunt_potential
Depths:2: evilmike_diamond_1, layout_gridville, hellmouth_1,
          grunt_decor_resistance, minmay_misc_feat_four_crosses,
          pandoras_box_mu, infiniplex_staircase_zigzag_4, uniq_saint_roka,
          uniq_enchantress
Depths:3: minmay_curly_fans, layout_cave_pools, grunt_hell_entry_dis_old,
          corexii_corridor_pit, pan_entry, grunt_decor_mini_mirrors,
          minmay_acid_items, infiniplex_staircase_pool_1
Depths:4: minmay_bad_star, layout_basic, enter_ziggurat_c, hell_entry,
          minmay_misc_feat_room, abyss_entry, minmay_swirly_circle
Depths:5: grunt_zot_entry_funnels, layout_basic, abyss_entry,
          hangedman_tar_grid_catacomb, minmay_splitting_lines, serial_shops,
          shop, minmay_misc_feat_rugged
Zot:1:    layout_misc_corridors, st_small_dragon_hoard_4, st_stairs_3,
          hangedman_swamp_dais
Zot:2:    kennysheep_spiral_hall, layout_gridlike
Zot:3:    kennysheep_blocky_room, layout_cathedral_of_symmetry
Zot:4:    layout_basic, gammafunk_ghost_cemetery

Skill      XL: |  1  2  3  4  5  6  7  8  9 10 11 12 13 14 15 16 17 18 19 20 21 22 23 24 25 26 27 |
---------------+----------------------------------------------------------------------------------+-----
Conjurations   | 2 3 4 5 13 | 13.5
Stealth        | 3 4 6 9 10 12 | 12.0
Poison Magic   | 1 2 4 6 7 |  7.5
Short Blades   | 2 3 4 6 8 |  8.1
Air Magic      | 1 2 3 4 5 |  5.0
Shields        | 4 10 12 14 15 | 15.0
Long Blades    | 2 7 9 12 13 | 13.7
Dodging        | 3 7 9 10 11 12 13 14 17 | 17.2
Fighting       | 8 9 10 14 | 14.5
Maces & Flails | 5 8 |  8.0
Ice Magic      | 4 12 16 17 | 17.1
Spellcasting   | 4 7 8 12 | 12.0
Fire Magic     | 8 14 18 21 23 | 23.0
Transmutations | 5 10 11 12 | 12.0
Earth Magic    | 5 10 12 21 | 21.8
Summonings     | |  1.0
Translocations | |  1.0

Action                   |  1- 3 |  4- 6 |  7- 9 | 10-12 | 13-15 | 16-18 | 19-21 | 22-24 | 25-27 || total
-------------------------+-------+-------+-------+-------+-------+-------+-------+-------+-------++-------
Melee: Dagger            |    37 |   120 |   229 |   265 |   487 |    84 |       |       |       ||  1222
       Constrict         |    10 |    33 |    49 |    32 |   123 |   173 |    46 |    85 |   198 ||   749
       Tentacles         |     9 |    30 |    52 |    58 |   234 |   307 |   125 |   234 |   681 ||  1730
       Long sword        |       |       |    67 |    30 |     6 |       |       |       |       ||   103
       Whip              |       |       |       |       |   437 |       |    19 |       |       ||   456
       Scimitar          |       |       |       |       |   228 |   546 |   212 |   555 |  1566 ||  3107
       Short sword       |       |       |       |       |       |   219 |    86 |    88 |   164 ||   557
       Unarmed           |       |       |       |       |       |     1 |       |       |       ||     1
       Staff             |       |       |       |       |       |       |       |     7 |     3 ||    10
 Cast: Magic Dart        |    30 |   103 |   250 |    28 |   113 |       |       |     1 |       ||   525
       Mephitic Cloud    |       |       |    12 |    55 |    90 |     4 |     3 |     2 |     2 ||   168
       Ozocubu's Refrige |       |       |       |       |    36 |   151 |   158 |   223 |   133 ||   701
       Apportation       |       |       |       |       |       |     5 |     1 |       |     3 ||     9
       Fulminant Prism   |       |       |       |       |       |       |       |     6 |     1 ||     7
       Ignition          |       |       |       |       |       |       |       |    34 |    85 ||   119
       Statue Form       |       |       |       |       |       |       |       |       |    93 ||    93
       Irradiate         |       |       |       |       |       |       |       |       |    11 ||    11
       Shatter           |       |       |       |       |       |       |       |       |     2 ||     2
Invok: Call Merchant     |       |       |       |     1 |     1 |       |       |     3 |       ||     5
       Potion Petition   |       |       |       |       |       |       |       |       |     2 ||     2
 Abil: End Transformatio |       |       |       |       |       |       |       |       |     2 ||     2
Evoke: Wand              |       |       |     8 |     1 |    29 |     9 |       |     1 |     2 ||    50
       Condenser vane    |       |       |       |       |       |       |       |     1 |       ||     1
  Use: Scroll            |       |     8 |     8 |     6 |    25 |    13 |     5 |     8 |     9 ||    82
       Potion            |       |     2 |     3 |     4 |     8 |     3 |     1 |     7 |     8 ||    36
 Stab: Sleeping          |     1 |     1 |    10 |     7 |    27 |    34 |    36 |    36 |    36 ||   188
       Confused          |       |       |    12 |    36 |    84 |     4 |     2 |     4 |       ||   142
       Distracted        |       |       |     1 |       |     7 |    23 |     1 |    19 |    34 ||    85
       Invisible         |       |       |       |       |     2 |       |       |       |       ||     2
Armor: Skin              |     4 |    22 |    54 |    19 |   146 |    42 |     4 |    13 |   442 ||   746
Dodge: Dodged            |    23 |    54 |   159 |   125 |   599 |   453 |   179 |   279 |  1225 ||  3096
Block: Buckler           |       |       |    16 |    35 |   186 |       |       |       |       ||   237
       Kite shield       |       |       |       |       |    24 |   610 |   214 |   402 |  1478 ||  2728
       Reflection        |       |       |       |       |       |       |    16 |    39 |    41 ||    96
       Rpst.: Long sword |       |       |    19 |     5 |     1 |       |       |       |       ||    25
       Scimitar          |       |       |       |       |    53 |    48 |    27 |    43 |   177 ||   348

Table legend: (Time is in decaauts)
 A = Elapsed time spent in this place.
 B = Non-inter-level travel time spent in this place.
 C = Inter-level travel time spent in this place.
 D = Time resting spent in this place.
 E = Time spent auto-exploring this place.
 F = Levels seen in this place.
 G = Mean time per level.
                   A        B        C        D        E       F      G
               +--------+--------+--------+--------+--------+-----+--------+
         Total |  92787 |  84545 |   8242 |  19861 |  46601 |  57 | 1627.8 |
       Dungeon |  26122 |  22390 |   3732 |   6272 |  11938 |  15 | 1741.5 |
          Lair |  11760 |  10735 |   1025 |   4409 |   4431 |   6 | 1960.0 |
        Shoals |   6143 |   5778 |    365 |   1425 |   3283 |   4 | 1535.8 |
   Spider Nest |   6251 |   6097 |    154 |   1500 |   3479 |   4 | 1562.8 |
  Orcish Mines |   2344 |   2061 |    283 |     97 |   1391 |   2 | 1172.0 |
   Elven Halls |   5210 |   4790 |    420 |    834 |   2886 |   3 | 1736.7 |
        Vaults |  11752 |  10489 |   1263 |   1044 |   6739 |   5 | 2350.4 |
         Crypt |   5103 |   4713 |    390 |    441 |   2956 |   3 | 1701.0 |
        Depths |  10181 |   9650 |    531 |   2533 |   5157 |   5 | 2036.2 |
           Zot |   4078 |   4002 |     76 |    266 |   2836 |   4 | 1019.5 |
         Abyss |    644 |    644 |      0 |     39 |    236 |   1 |  644.0 |
        Bazaar |     64 |     64 |      0 |      0 |     29 |   1 |   64.0 |
         Trove |     90 |     90 |      0 |      0 |     63 |   1 |   90.0 |
      Ice Cave |    672 |    672 |      0 |    244 |    197 |   1 |  672.0 |
    Desolation |   1784 |   1784 |      0 |    620 |    744 |   1 | 1784.0 |
      Gauntlet |    580 |    580 |      0 |    134 |    234 |   1 |  580.0 |
               +--------+--------+--------+--------+--------+-----+--------+

Top non-repeatable levels by time:
Depths:2: 3311 daAuts
     D:9: 3244 daAuts
 Crypt:3: 2903 daAuts
  Lair:5: 2702 daAuts
Vaults:2: 2643 daAuts
Vaults:4: 2596 daAuts
     D:8: 2441 daAuts
    D:14: 2399 daAuts
Spider:4: 2317 daAuts
     D:5: 2276 daAuts
Vaults:3: 2274 daAuts
Vaults:5: 2215 daAuts
    D:10: 2110 daAuts
   Elf:2: 2108 daAuts
  Lair:6: 2081 daAuts

Table legend:
 A = Kills in this place as a percentage of kills in entire the game.
 B = Kills by you in this place as a percentage of kills by you in the entire game.
 C = Kills by friends in this place as a percentage of kills by friends in the entire game.
 D = Other kills in this place as a percentage of other kills in the entire game.
 E = Experience gained in this place as a percentage of experience gained in the entire game.
 F = Experience gained in this place divided by the number of levels of this place that you have seen.
                   A       B       C       D       E      F
               +-------+-------+-------+-------+-------+----------------------
         Total | 100.0 | 100.0 | 100.0 | 100.0 | 100.0 | 30370.4
       Dungeon |  18.6 |  17.8 | 100.0 |  47.9 |   4.5 | 5162.4
          Lair |   7.8 |   7.8 |   0.0 |   9.9 |   4.4 | 12650.0
        Shoals |   6.3 |   6.5 |   0.0 |   0.0 |   6.3 | 27101.8
   Spider Nest |   8.8 |   9.0 |   0.0 |   0.0 |   5.7 | 24678.8
  Orcish Mines |   5.6 |   5.7 |   0.0 |   0.0 |   1.2 | 10392.5
   Elven Halls |   5.9 |   5.0 |   0.0 |  39.4 |   8.1 | 46865.7
        Vaults |  18.5 |  18.9 |   0.0 |   1.4 |  24.6 | 85343.6
         Crypt |   7.5 |   7.7 |   0.0 |   0.0 |   9.4 | 54021.3
        Depths |  11.3 |  11.6 |   0.0 |   1.4 |  19.6 | 67867.8
           Zot |   4.2 |   4.3 |   0.0 |   0.0 |  11.5 | 49686.2
         Abyss |   1.7 |   1.8 |   0.0 |   0.0 |   1.6 | 28028.0
      Ice Cave |   0.4 |   0.4 |   0.0 |   0.0 |   0.2 | 3280.0
    Desolation |   2.9 |   3.0 |   0.0 |   0.0 |   2.7 | 47307.0
      Gauntlet |   0.4 |   0.4 |   0.0 |   0.0 |   0.2 | 3789.0
               +-------+-------+-------+-------+-------+----------------------
